 Dungeon Crawl Stone Soup version 0.21-a0-440-g28109cb (webtiles) character file.

32 tof the Skirmisher (level 3, 0/43 HPs)
             Began as a Demonspawn Berserker on Nov 10, 2017.
             Was a Follower of Trog.
             Succumbed to an adder's poison
             ... on level 2 of the Dungeon.
             The game lasted 00:02:50 (752 turns).

tof the Skirmisher (Demonspawn Berserker)            Turns: 752, Time: 00:02:51

Health: 0/43       AC:  7    Str: 21 (22) XL:     3   Next: 8%
Magic:  3/3        EV: 19    Int:  7 (8)  God:    Trog [*.....]
Gold:   53         SH:  0    Dex: 15 (18) Spells: 2/2 levels left

rFire    . . .     SeeInvis .   h - +0 dagger (speed)
rCold    + . .     Gourm    .   (no shield)
rNeg     . . .     Faith    .   o - +0 ring mail
rPois    .         Spirit   .   e - +1 helmet
rElec    .         Reflect  .   (no cloak)
rCorr    .         Harm     .   (no gloves)
MR       .....                  (no boots)
Stlth    ..........             (no amulet)
HPRegen  0.14/turn              g - +2 ring of evasion
MPRegen  0.08/turn              n - ring of protection from cold

@: agile, berserking (expiring), lethally poisoned (0 -> 0), very quick
A: demonic guardian 1, powered by death 1
a: Berserk, Burn Spellbooks, Renounce Religion


You were on level 2 of the Dungeon.
You worshipped Trog.
Trog was aware of your devotion.
You were very hungry.

You visited 1 branch of the dungeon, and saw 2 of its levels.

You collected 53 gold pieces.

Inventory:

Hand Weapons
 a - a +0 falchion
 h - a +0 dagger of speed (weapon)
Armour
 e - a +1 helmet (worn)
 o - a +0 ring mail (worn)
Jewellery
 g - a +2 ring of evasion (left hand)
 n - a ring of protection from cold (right hand)
Scrolls
 d - a scroll of amnesia {unknown}
 i - a scroll of identify {unknown}
 m - a scroll of remove curse {unknown}
Potions
 b - a potion of agility
Comestibles
 c - 2 bread rations
 f - 3 chunks of flesh
 l - 4 fruits


   Skills:
 + Level 3.2 Fighting
 * Level 3.2 Long Blades
 + Level 2.1 Armour
 + Level 2.1 Dodging


You had 2 spell levels left.
You didn't know any spells.

Dungeon Overview and Level Annotations

Branches:
Dungeon (2/15)

Altars:


Innate Abilities, Weirdness & Mutations

A weak demonic guardian rushes to your aid.
You regenerate a little health from kills.


Message History

You kill the worm!
Trog accepts your kill.
It was a potion of agility.
You feel agile all of a sudden.
It was a potion of degeneration.
There was something very wrong with that liquid.
You feel weakened.
You feel dopey.
You feel clumsy.
* * * LOW HITPOINT WARNING * * *
You feel sick.
* * * LOW HITPOINT WARNING * * *
You feel sick.
You see here a potion of agility.
b - a potion of agility A red film seems to cover your vision as you go berserk!
You feel yourself moving faster!
You feel mighty!
You are feeling very hungry.
There is a lethal amount of poison in your body!
You feel a strong urge to attack something.
You feel your anger nearly subside.
You die...

....##. ......
#....## ##.....##
#.......# . ..
#.......#.#
...###.........
.......@....##
.............##
..####........###
#...........
#..†....###
#......#####...
.....#..........#
.........#.######
......#.###.##


There were no monsters in sight!

Vanquished Creatures
  An adder (D:2)
  A worm (D:2)
  A giant cockroach (D:1)
  3 goblins (D:1)
  2 hobgoblins
  3 jackals (D:1)
  A ball python (D:1)
  3 bats (D:1)
  2 frilled lizards
  A kobold (D:1)
  2 rats (D:1)
20 creatures vanquished.

Notes
Turn   | Place    | Note
-------+----------+-------------------------------------------
     0 | D:1      | tof the Demonspawn Berserker began the quest for the Orb.
     0 | D:1      | Reached XP level 1. HP: 18/18 MP: 1/1
   347 | D:1      | Gained mutation: You regenerate a little health from kills. [demonic ancestry]
   347 | D:1      | Reached XP level 2. HP: 23/24 MP: 2/2
   732 | D:2      | Gained mutation: A weak demonic guardian rushes to your aid. [demonic ancestry]
   732 | D:2      | Reached XP level 3. HP: 15/29 MP: 3/3
   747 | D:2      | HP: 1/29 [poisoned by an adder]
   752 | D:2      | Succumbed to an adder's poison

Vault maps used:
D:1:      lightli_arrival_lavapool, solitary_fountain
D:2:      lemuel_doored_altar, grunt_gozag_breadcrumbs, uniq_crazy_yiuf_cottage

Skill      XL: |  1  2 |
---------------+-------+-----
Long Blades    | 3 |  3.2
Armour         | 2 |  2.1
Dodging        | 2 |  2.1
Fighting       | |  3.2

Action                   || total
-------------------------++-------
Melee: Falchion          ||    19
       Dagger            ||    99
Invok: Berserk           ||     2
  Use: Potion            ||     2
Armor: Animal skin       ||    16
       Ring mail         ||    17
Dodge: Dodged            ||    70
       Rpst.: Falchion   ||     5

Table legend:
 A = Spawn XP
 B = Non-spawn XP
 C = Spawn XP percentage of total XP
 D = Spawn monster count
 E = Non-spawn monster count
 F = Spawn count percentage of total count
 G = Total turns spent on level
                    A         B        C        D         E        F      G
               +---------+---------+-------+---------+---------+-------+---------
         Total |       0 |      46 |   0.0 |       0 |      20 |   0.0 |   752
               +---------+---------+-------+---------+---------+-------+---------
           D:1 |       0 |      24 |   0.0 |       0 |      16 |   0.0 |   613
           D:2 |       0 |      22 |   0.0 |       0 |       4 |   0.0 |   139
               +---------+---------+-------+---------+---------+-------+---------
